 Dungeon Crawl Stone Soup version 0.26-b1-32-g5d43845318 (webtiles) character file.

Game seed: 17530900527524728302

275 Yorgos the Shield-Bearer (level 6, 0/49 HPs)
             Began as a Formicid Fighter on Jan 12, 2021.
             Slain by a scorpion (5 damage)
             ... on level 6 of the Dungeon.
             The game lasted 00:05:26 (2225 turns).

Yorgos the Shield-Bearer (Formicid Fighter)         Turns: 2225, Time: 00:05:26

Health: 0/49       AC:  7    Str: 22    XL:     6   Next: 50%
Magic:  6/6        EV:  8    Int:  8    God:
Gold:   146        SH: 10    Dex: 10    Spells: 5/5 levels left

rFire    . . .     SeeInvis +   a - +0 war axe
rCold    . . .     Faith    .   c - +0 kite shield
rNeg     . . .     Spirit   .   b - +0 scale mail
rPois    .         Reflect  .   (helmet unavailable)
rElec    .         Harm     .   (no cloak)
rCorr    .         Rampage  .   (no gloves)
Will     .....                  (no boots)
Stlth    ..........             (no amulet)
HPRegen  0.16/turn              m - ring of flight
MPRegen  0.10/turn              (no ring)

@: lethally poisoned (0 -> -7)
A: permanent stasis, dig shafts and tunnels, four strong arms, antennae 3
a: Dig, Shaft Self, Evoke Flight


You were on level 6 of the Dungeon.
You visited 1 branch of the dungeon, and saw 5 of its levels.

You collected 146 gold pieces.

Inventory:

Hand Weapons
 a - a +0 war axe (weapon)
Missiles
 e - 2 atropa-tipped darts (quivered)
 h - 54 stones
 l - 42 bolts
Armour
 b - a +0 scale mail (worn)
 c - a +0 kite shield (worn)
Jewellery
 m - a ring of flight (left hand)
Scrolls
 f - a scroll of remove curse {unknown}
 g - 3 scrolls of identify {unknown}
 j - a scroll of teleportation {unknown}
 n - a scroll of blinking {unknown}
Potions
 d - 2 potions of might
 i - 2 potions of haste {unknown}
 k - 2 potions of lignification {unknown}


   Skills:
 + Level 4.6 Fighting
 + Level 3.5 Axes
 + Level 4.7 Armour
 + Level 5.1 Shields


You had 5 spell levels left.
You didn't know any spells.
Your spell library was empty.

Dungeon Overview and Level Annotations

Branches:
Dungeon (6/15)
 Temple: D:4-7

Altars:
Sif Muna

Annotations:
D:3 Grinder
D:5 Duvessa


Innate Abilities, Weirdness & Mutations

You cannot be hasted, slowed, berserked, paralysed or teleported.
You can dig through walls and to a lower floor.
Your four strong arms can wield two-handed weapons with a shield.
You have a pair of large antennae on your head. (SInv)


Message History

The atropa-tipped dart hits the scorpion.
The scorpion appears confused.
You block the scorpion's attack.
You catch the helpless scorpion completely off-guard!
You hit the scorpion but do no damage.
The scorpion seems less confused.
You see here an atropa-tipped dart.
You extend your mandibles.
You dig through the rock wall.
The scorpion is no longer blind.
You dig through the rock wall.
Found a stone staircase leading down.
You retract your mandibles.
You start resting.
A scorpion is nearby!
You hit the scorpion.
The scorpion is lightly wounded.
The scorpion stings you.
* * * LOW HITPOINT WARNING * * *
You are lethally poisoned!
The scorpion poisons you! The scorpion stings you.
You die...

## # #. ยง##
#. ....
###.#... .
##s#..#....
###.#@.....>.
#.s###.......
#.<.# ##....#
#....# ....
##....# ...
....... ..
.....$## .
.##.....# .
.......


You could see a scorpion.

Vanquished Creatures
  An orc priest (D:5)
  3 orc wizards
  Jessica (D:3)
  A worker ant (D:5)
  2 adders (D:6)
  2 white imps (D:5)
  A worm (D:2)
  4 dart slugs
  3 leopard geckos
  6 orcs
  7 bats
  3 giant cockroaches (D:1)
  5 goblins
  4 hobgoblins
  3 jackals (D:2)
  7 kobolds
  2 quokkas (D:2)
  A ball python (D:2)
  3 frilled lizards (D:2)
  9 rats
68 creatures vanquished.

Notes
Turn   | Place    | Note
-------+----------+-------------------------------------------
     0 | D:1      | Yorgos the Formicid Fighter began the quest for the Orb.
     0 | D:1      | Reached XP level 1. HP: 18/18 MP: 1/1
    80 | D:1      | Reached XP level 2. HP: 24/24 MP: 2/2
   295 | D:1      | Reached skill level 4 in Shields
   295 | D:1      | Reached XP level 3. HP: 27/29 MP: 3/3
   834 | D:2      | Reached XP level 4. HP: 37/37 MP: 4/4
  1341 | D:3      | Noticed Jessica
  1342 | D:3      | Noticed Grinder
  1357 | D:3      | Killed Jessica
  1367 | D:3      | You fall into a shaft and drop 3 floors!
  1380 | D:6      | Reached XP level 5. HP: 6/42 MP: 5/5
  1666 | D:6      | HP: 2/42 [orc wizard/puff of flame (1)]
  1956 | D:6      | Found a shimmering blue altar of Sif Muna.
  2007 | D:5      | Entered Level 5 of the Dungeon
  2072 | D:5      | Reached XP level 6. HP: 42/49 MP: 6/6
  2078 | D:5      | Reached skill level 5 in Shields
  2204 | D:5      | Noticed Duvessa
  2225 | D:6      | Slain by a scorpion

Illustrated notes

Levels and vault maps discovered:
D:1:      dpeg_arrival_simpleton_c, layout_rooms
D:2:      layout_rooms
D:3:      layout_loops_corners, kennysheep_nondescript, ashenzari_altar_1,
          uniq_grinder, uniq_jessica, uniq_sigmund
D:5:      layout_cave_pods, minmay_checkerbox, uniq_duvessa, uniq_edmund
D:6:      layout_cave_pools, nzn_hepliaklqana_mist_gate, basic_altar,
          lemuel_flame_loot_1

Skill      XL: |  1  2  3  4  5  6 |
---------------+-------------------+-----
Shields        | 4 5 |  5.1
Armour         | 4 |  4.7
Fighting       | 4 |  4.6
Axes           | 3 |  3.5

Action                   |  1- 3 |  4- 6 || total
-------------------------+-------+-------++-------
Melee: War axe           |   122 |   119 ||   241
Throw: Dart              |       |     8 ||     8
 Abil: Dig               |       |     2 ||     2
       Shaft Self        |       |     1 ||     1
 Stab: Invisible         |       |     1 ||     1
Armor: Scale mail        |    80 |    58 ||   138
Dodge: Dodged            |    46 |    46 ||    92
Block: Kite shield       |    84 |    78 ||   162
